 Dungeon Crawl Stone Soup version 0.29-a0-553-g81b289dbe5 (webtiles) character file.

Game seed: 2439624173891630895

24 DocClef the Covert (level 3, -5/35 HPs)
             Began as a Gnoll Delver on June 7, 2022.
             Slain by Eustachio
             ... wielding a +3 rapier of electrocution
              (17 damage)
             ... on level 5 of the Dungeon.
             The game lasted 00:00:12 (97 turns).

DocClef the Covert (Gnoll Delver)                     Turns: 97, Time: 00:00:12

Health: -5/35      AC:  3    Str: 13    XL:     3   Next: 2%
Magic:  3/3        EV: 13    Int:  9    God:
Gold:   11         SH:  0    Dex: 13    Spells: 3/3 levels left

rFire   . . .      SeeInvis .   a - +0 short sword
rCold   . . .      Faith    .   (no shield)
rNeg    . . .      Spirit   .   b - +0 leather armour
rPois   .          Reflect  .   (no helmet)
rElec   .          Harm     .   (no cloak)
rCorr   .          Rampage  .   (no gloves)
Will    .....                   (no boots)
Stlth   ++++......              (no amulet)
HPRegen 0.11/turn               (no ring)
MPRegen 0.08/turn               (no ring)

@: no status effects
A: fangs 1, strong nose, distributed training
a: no special abilities


You were on level 5 of the Dungeon.
You visited 1 branch of the dungeon, and saw 1 of its levels.

You collected 11 gold pieces.

Inventory:

Hand Weapons
 a - a +0 short sword (weapon)
Armour
 b - a +0 leather armour (worn)
Wands
 g - a wand of digging (3)
Scrolls
 c - a scroll of fog
 d - a scroll of magic mapping
 e - a scroll of fear
 j - a scroll of enchant armour {unknown}
Potions
 f - a potion of haste
 h - a potion of berserk rage {unknown}
 i - a potion of degeneration {unknown}
 k - a potion of mutation {unknown}


   Skills:
 + Level 6.5 Fighting
 + Level 4.5 Short Blades
 + Level 0.5 Long Blades
 + Level 0.5 Axes
 + Level 0.5 Maces & Flails
 + Level 0.5 Polearms
 + Level 0.5 Staves
 + Level 0.5 Slings
 + Level 0.5 Bows
 + Level 0.5 Crossbows
 + Level 0.5 Throwing
 + Level 0.5 Armour
 + Level 4.5 Dodging
 + Level 9.5 Stealth
 + Level 0.5 Shields
 + Level 0.5 Unarmed Combat
 + Level 0.5 Spellcasting
 + Level 0.4 Conjurations
 + Level 0.4 Hexes
 + Level 0.4 Summonings
 + Level 0.4 Necromancy
 + Level 0.4 Translocations
 + Level 0.4 Transmutations
 + Level 0.4 Fire Magic
 + Level 0.4 Ice Magic
 + Level 0.4 Air Magic
 + Level 0.4 Earth Magic
 + Level 0.4 Poison Magic
 + Level 0.7 Invocations
 + Level 0.5 Evocations


You had 3 spell levels left.
You didn't know any spells.
Your spell library was empty.

Dungeon Overview and Level Annotations

Branches:
Dungeon (5/15)
 Temple: D:4-7

Altars:

Annotations:
D:5 1 runed translucent door, Crazy Yiuf, Eustachio


Innate Abilities, Weirdness & Mutations

You have very sharp teeth.
Your uncanny sense of smell can sniff out nearby items.
Your experience applies equally to all skills.


Message History

i - a bubbling golden potion
j - a scroll labelled CIC CEIGIK
Found a stone staircase leading down.
k - an emerald potion
There is a stone staircase leading down here.
You now have 11 gold pieces.
An iguana comes into view.
An iguana is nearby!
Found 13 stones.
The helpless iguana fails to defend itself.
You impale the iguana!!
You kill the iguana!
You have reached level 2!
You have reached level 3!
Your experience leads to an increase in your attributes!
Increase (S)trength, (I)ntelligence, or (D)exterity?
You feel stronger. x2
Unknown command.
Found a mace.
Found a runed translucent door.
You see here 13 stones.
Eustachio the Magnificent comes into view.
He is wielding a +3 rapier of electrocution.
Eustachio is nearby!
Eustachio is nearby!
Eustachio is nearby!
Eustachio hits you with a +3 rapier of electrocution.
You completely miss Eustachio.
Eustachio casts a spell.
The shadow imp hits you but does no damage.
Eustachio attacks as you move away! Eustachio closely misses you.
The shadow imp attacks as you move away!
The shadow imp misses you. Eustachio attacks as you move away!
Eustachio hits you with a +3 rapier of electrocution!
Eustachio casts a spell.
Eustachio blinks!
You see here a +0 leather armour.
Eustachio barely misses you.
Eustachio hits you with a +3 rapier of electrocution.
You are electrocuted!
You die...

.# #.# #.# #.# ♣♣.
.# #.# #.# #.# ♣.♣
#. #.### #.###.#
♣♣.♣ #...###.....#
♣.♣♣ #...##...##.#
#+# #...#.###.#.#
...
#.####....#####..#
#...#
#.......@.[55.5..#
#)g.#
#####..@.#####..#
##### ##>##.#
#.#.# #.# #...# .#
#.# ### .. ∆ ..#
### ###


You could see Eustachio, a white imp (summoned) and 2 shadow imps.

Vanquished Creatures
  An iguana (D:5)
1 creature vanquished.

Notes
Turn   | Place    | Note
-------+----------+-------------------------------------------
     0 | D:5      | Reached skill level 9 in Stealth
     0 | D:5      | DocClef the Gnoll Delver began the quest for the Orb.
     0 | D:5      | Reached XP level 1. HP: 23/23 MP: 1/1
    32 | D:5      | Noticed an iguana
    36 | D:5      | Killed an iguana
    37 | D:5      | Reached XP level 2. HP: 29/29 MP: 2/2
    37 | D:5      | Reached XP level 3. HP: 35/35 MP: 3/3
    55 | D:5      | Found a runed translucent door.
    56 | D:5      | Noticed Crazy Yiuf
    86 | D:5      | Noticed Eustachio
    97 | D:5      | Slain by Eustachio

Illustrated notes

Levels and vault maps discovered:
D:5:      layout_loops_ring, cheibrodos_ashenzari_chains,
          uniq_crazy_yiuf_cottage, uniq_eustachio, uniq_ijyb

Skill      XL: | |
---------------+-+-----
Stealth        | |  9.5
Fighting       | |  6.5
Short Blades   | |  4.5
Long Blades    | |  0.5
Axes           | |  0.5
Maces & Flails | |  0.5
Polearms       | |  0.5
Staves         | |  0.5
Slings         | |  0.5
Bows           | |  0.5
Crossbows      | |  0.5
Throwing       | |  0.5
Armour         | |  0.5
Dodging        | |  4.5
Shields        | |  0.5
Unarmed Combat | |  0.5
Spellcasting   | |  0.5
Conjurations   | |  0.4
Hexes          | |  0.4
Summonings     | |  0.4
Necromancy     | |  0.4
Translocations | |  0.4
Transmutations | |  0.4
Fire Magic     | |  0.4
Ice Magic      | |  0.4
Air Magic      | |  0.4
Earth Magic    | |  0.4
Poison Magic   | |  0.4
Invocations    | |  0.7
Evocations     | |  0.5

Action                   || total
-------------------------++-------
Melee: Short sword       ||     2
 Stab: Sleeping          ||     1
Armor: Leather armour    ||     1
Dodge: Dodged            ||     3

Table legend: (Time is in decaauts)
 A = Elapsed time spent in this place.
 B = Non-inter-level travel time spent in this place.
 C = Inter-level travel time spent in this place.
 D = Time resting spent in this place.
 E = Time spent auto-exploring this place.
 F = Levels seen in this place.
 G = Mean time per level.
                   A        B        C        D        E       F      G
               +--------+--------+--------+--------+--------+-----+--------+
         Total |     96 |     96 |      0 |      0 |     75 |   1 |   96.0 |
       Dungeon |     96 |     96 |      0 |      0 |     75 |   1 |   96.0 |
               +--------+--------+--------+--------+--------+-----+--------+

Top non-repeatable levels by time:
     D:5: 96 daAuts
